Cogmind - Beta 15 @@@ ROGUE MODE // 2025.08.11 @ 00:25:57 // Winter2019/RPGLIKE Player: bugsniper Result: Destroyed by P-60 Hacker with Shock Rifle Performance ------------- Evolutions (4) 2000 Regions Visited (5) 1000 Robots Destroyed (44) 220 Value Destroyed (1153) 1153 Prototype IDs (12) 240 Alien Tech Used (0) 0 Bonus (800) 800 TOTAL SCORE: 5413 Bonus ------- Registered with UFD 300 Met Optimus in HQ 500 Cogmind --------- Core Integrity 0/650 Matter 10/300 Energy 300/300 System Corruption 2% Temperature Cool (2) Movement Treading (155) Location -6/Factory Parts ------- > --- POWER (2) -------- Ion Engine Micro Nuclear Core > --- PROPULSION (3) --- Light Treads Light Treads Advanced Treads > --- UTILITY (4) ------ Experimental Sensor Array Transmission Jammer Scrapoid Pod > --- WEAPON (2) ------- Improved Light Cannon Assault Cannon > --- INVENTORY (4) ---- EMP Blaster Rocket Launcher Peak State ------------ > --- POWER ------------ Ion Engine Micro Nuclear Core > --- PROPULSION ------- Light Treads Light Treads Advanced Treads > --- UTILITY ---------- Power Amplifier Experimental Sensor Array Improved Heavy Armor Plating > --- WEAPON ----------- Improved Light Cannon Assault Cannon > --- INVENTORY -------- Scrapoid Pod EMP Blaster Rocket Launcher [Rating: 40] Favorites ----------- Power Ion Engine Engine Ion Engine Power Core Micro Nuclear Core Propulsion Light Treads Treads Light Treads Leg Aluminum Leg Utility Medium Armor Plating Device Heat Sink Processor Advanced Targeting Computer Hackware Hacking Suite Protection Medium Armor Plating Weapon Improved Light Cannon Energy Gun EM Pulse Gun Ballistic Gun Assault Rifle Ballistic Cannon Improved Light Cannon Launcher Grenade Launcher Build | -11 -10 -10 -9 -9 -6 ------- Run | Yrd Mat Sub Rec Scr Fac Slots Evolved 7 | 2 1 1 1 1 1 Power 1 | . . 1 . . . Propulsion 2 | 1 1 . . . . Utility 3 | . . . 1 1 1 Weapon 1 | 1 . . . . . Parts Attached 25 | 3 7 5 1 5 4 Power 3 | . . 2 . . 1 Engine 2 | . . 2 . . . Core 1 | . . . . . 1 Reactor . | . . . . . . Propulsion 6 | 2 2 1 . 1 . Treads 5 | 2 1 1 . 1 . Leg 1 | . 1 . . . . Wheel . | . . . . . . Hover . | . . . . . . Flight . | . . . . . . Utility 9 | . 2 . 1 3 3 Device 5 | . . . 1 1 3 Storage . | . . . . . . Processor 1 | . . . . 1 . Hackware 1 | . 1 . . . . Protection 2 | . 1 . . 1 . Artifact . | . . . . . . Weapon 7 | 1 3 2 . 1 . Energy Gun 1 | . 1 . . . . Energy Cannon . | . . . . . . Ballistic Gun 1 | 1 . . . . . Ballistic Cannon 3 | . 2 . . 1 . Launcher 2 | . . 2 . . . Special Weapon . | . . . . . . Impact Weapon . | . . . . . . Slashing Weapon . | . . . . . . Piercing Weapon . | . . . . . . Special Melee Weapon . | . . . . . . Unidentified Prototypes . | . . . . . . Parts Lost . | . . . . . . Power . | . . . . . . Propulsion . | . . . . . . Utility . | . . . . . . Weapon . | . . . . . . Highest Loss Streak . | . . . . . . To Critical Strikes . | . . . . . . Average Backups 3 | . 1 2 3 3 2 Power . | . . . . . . Propulsion . | . . . . . . Utility . | . . . . . . Weapon 2 | . 1 2 3 2 2 Tool/Special . | . . . . . . Unused Backups 7 | . 3 1 . 2 1 Power . | . . . . . . Propulsion . | . . . . . . Utility 1 | . . 1 . . . Weapon 6 | . 3 . . 2 1 Tool/Special . | . . . . . . Average Slot Usage (%) 92 | . 94 100 96 83 88 Engine 17 | . 15 20 22 13 9 Treads 34 | . 34 38 33 31 27 Device 4 | . . . 7 5 20 Hackware 1 | . 10 . . . . Protection 9 | . . 12 11 10 6 Energy Gun 1 | . 14 . . . . Ballistic Gun 1 | . 13 . . . . Ballistic Cannon 16 | . 2 16 17 21 18 Launcher 3 | . . 9 4 . . Peak Build Rating 40 | 5 11 12 13 31 40 Average Rating 16 | 3 7 10 12 21 38 On Entrance 12 | 3 5 10 12 13 31 Naked Turns . | . . . . . . Heaviest Build 37 | 9 20 25 26 30 37 Greatest Support 62 | 40 60 60 60 62 62 Greatest Overweight (x) . | . . . . . . Average Overweight (x) . | . . . . . . Largest Inventory Capacity 4 | . 2 3 4 4 4 Average Capacity 3 | . 1 2 3 4 4 Most Carried 4 | . 2 3 4 4 4 Average Carried 3 | . 1 2 3 3 3 Final Capacity 4 | . 2 3 4 4 4 Final Carried 4 | . 2 3 4 4 2 Class Distribution -------------------- 100% | Mutant Dominant Class ---------------- Mutant | -10/Materials Mutant | -10/Subcaves Mutant | -9/Recycling Mutant | -9/Scraptown Mutant | -6/Factory Resources | -11 -10 -10 -9 -9 -6 ----------- Run | Yrd Mat Sub Rec Scr Fac Matter Collected 1400 | 200 224 446 274 48 208 Remotely . | . . . . . . Salvage Created 1670 | . 695 470 393 . 112 Parts 72 | . 35 21 10 . 6 Haulers Intercepted 1 | . 1 . . . . Recyclers Shooed 2 | . 1 . 1 . . Parts Field Recycled . | . . . . . . Retrieved Matter . | . . . . . . Parts Self-Destructed 13 | . . 13 . . . Prevented . | . . . . . . Kills | -11 -10 -10 -9 -9 -6 ------- Run | Yrd Mat Sub Rec Scr Fac Combat Hostiles Destroyed 25 | . 8 13 3 . 1 Guns 8 | . 8 . . . . Cannons 7 | . . 3 3 . 1 AOE 10 | . . 10 . . . Classes Destroyed 12 | . 8 3 . . 1 Worker 2 | . 1 . . . 1 Builder 1 | . . . . . 1 Tunneler 1 | . 1 . . . . Hauler 1 | . 1 . . . . Recycler 8 | . 3 . 5 . . Operator 2 | . 2 . . . . Turret 2 | . . 2 . . . Watcher 2 | . 2 . . . . Swarmer 7 | . 3 4 . . . Grunt 8 | . 5 3 . . . Sentry 5 | . . 1 3 . 1 Subdweller 5 | . . 5 . . . Best Kill Streak 4 | . 4 4 2 . 1 Combat Bots Only 4 | . 3 4 1 . 1 Max Kills in Single Turn 3 | . 3 3 1 . 1 Gunslinging . | . . . . . . Exploded 3 | . . 3 . . . Melee . | . . . . . . Uniques/NPCs Destroyed . | . . . . . . Combat | -11 -10 -10 -9 -9 -6 -------- Run | Yrd Mat Sub Rec Scr Fac Hostile Shots Fired 139 | . 35 64 6 . 34 Missed 44 | . 7 24 1 . 12 Hits 95 | . 28 40 5 . 22 Projectile 95 | . 28 40 5 . 22 Critical Strikes 2 | . . 1 . . 1 Damage Taken 1100 | . 304 468 58 . 270 Core 807 | . 244 315 47 . 201 Absorbed by Shields . | . . . . . . Redirected to Core 715 | . 191 289 34 . 201 Ignored by Resistances 88 | . 15 46 10 . 17 Regen/Repaired (Parts) 335 | . . . . 335 . Core Remaining (%) 64 | 100 . . . 29 . Volleys Fired 127 | . 54 31 31 . 11 Largest 2 | . 2 2 2 . 2 Hottest 85 | . 85 66 66 . 70 Shots Fired 209 | . 101 40 52 . 16 Gun 101 | . 101 . . . . Cannon 76 | . . 12 48 . 16 Launcher 32 | . . 28 4 . . Special . | . . . . . . Kinetic 124 | . 48 12 48 . 16 Thermal 13 | . 13 . . . . Explosive 20 | . . 16 4 . . Electromagnetic 52 | . 40 12 . . . Robot Hit Streak 34 | . 34 7 10 . 7 Robot Miss Streak 3 | . 3 2 2 . 1 Penetration Max . | . . . . . . Secondary Targets 1 | . 1 . . . . Max Gunslinging Chain 1 | . 1 . . . . Shots Hit Robots 118 | . 65 20 26 . 7 Core Hits 73 | . 29 31 8 . 5 Critical Kills . | . . . . . . Critical Parts Destroyed . | . . . . . . Critical Strikes 1 | . . 1 . . . Blast 1 | . . 1 . . . Melee Attacks . | . . . . . . Impact . | . . . . . . Slashing . | . . . . . . Piercing . | . . . . . . Sneak Attacks . | . . . . . . Combat Hostiles . | . . . . . . Follow-up Attacks . | . . . . . . Damage Inflicted 3194 | . 1092 1373 574 . 155 Guns 897 | . 897 . . . . Cannons 854 | . . 130 574 . 150 Explosions 1438 | . 195 1243 . . . Melee . | . . . . . . Ramming 5 | . . . . . 5 Kinetic 1217 | . 363 130 574 . 150 Thermal 264 | . 264 . . . . Explosive 928 | . . 928 . . . Electromagnetic 780 | . 465 315 . . . Impact . | . . . . . . Slashing . | . . . . . . Piercing . | . . . . . . Highest Corruption 1 | . . . . . 1 Average Corruption 1 | . . . . . 1 Corruption Purged . | . . . . . . Corruption Blocked . | . . . . . . Overload Shots . | . . . . . . Overflow Damage 38 | . . . 38 . . Projectiles 38 | . . . 38 . . Explosions . | . . . . . . Melee . | . . . . . . Knockbacks 9 | . . 1 7 . 1 Impact . | . . . . . . Kinetic 8 | . . 1 6 . 1 Secondary 1 | . . . 1 . . Self-Inflicted Damage 60 | . 26 34 . . . Shots 3 | . 1 2 . . . Rammed 4 | . . . . . 4 Targets Rammed 4 | . . . . . 4 Kicked . | . . . . . . Crushed . | . . . . . . Highest Temperature 72 | . 72 6 13 . 30 Average Temperature 22 | . 27 6 8 . 13 Received Heat Transfer 420 | . 108 216 18 . 78 Siege Activations . | . . . . . . Martial Activations . | . . . . . . Shielding Activations . | . . . . . . Robots Disrupted . | . . . . . . Combat Hostiles . | . . . . . . Robots Corrupted . | . . . . . . Combat Hostiles . | . . . . . . Parts Fried 1 | . 1 . . . . Impact Corruptions . | . . . . . . Robots Melted . | . . . . . . Combat Hostiles . | . . . . . . Parts Melted . | . . . . . . Heat Transferred 520 | . 520 . . . . Parts Sabotaged . | . . . . . . Parts Stolen . | . . . . . . Parts Stripped . | . . . . . . Power Chain Reactions 2 | . 2 . . . . Alert | -11 -10 -10 -9 -9 -6 ------- Run | Yrd Mat Sub Rec Scr Fac Maximum Alert Level 1 | . . . 1 . . Low Security (%) 86 | 100 100 . 73 . 100 Level 1 13 | . . . 26 . . Level 2 . | . . . . . . Level 3 . | . . . . . . Level 4 . | . . . . . . Level 5 . | . . . . . . High Security . | . . . . . . Max Security . | . . . . . . Peak Influence 279 | . 144 . 279 . 31 Initial 279 | . . . 279 . . Average 88 | . 63 . 139 . 3 Influence Increases 1354 | . 401 660 222 . 71 Destroy 0b10 Robot/C 440 | . 160 200 60 . 20 Destroy 0b10 Robot/NC 85 | . 50 . 25 . 10 Destroy Leader 66 | . 46 10 . . 10 Successful Hack 5 | . . . 5 . . Disable Machine 225 | . 90 . 105 . 30 Destroy Structure 53 | . 25 . 27 . 1 Lose Combat Pursuer 480 | . 30 450 . . . Influence Decreases 1354 | . 336 143 793 11 71 Entered New Map 346 | . . 32 303 11 . Time Decay 1008 | . 336 111 490 . 71 Squads Dispatched 4 | . 3 . . . 1 Investigation 1 | . 1 . . . . Extermination . | . . . . . . Reinforcement 3 | . 2 . . . 1 Assault . | . . . . . . Garrison . | . . . . . . Intercept . | . . . . . . Searches Triggered . | . . . . . . Construction Impeded . | . . . . . . Haulers Reinforced . | . . . . . . Active Scanning Responses . | . . . . . . Cargo Convoy Interrupts . | . . . . . . Stealth | -11 -10 -10 -9 -9 -6 --------- Run | Yrd Mat Sub Rec Scr Fac Distress Signals 1 | . 1 . . . . Communications Jammed . | . . . . . . Distress Signals . | . . . . . . Times Spotted 53 | . 16 29 1 . 7 Peak Tracking Total 6 | . 4 6 1 . 4 Tactical Retreats 5 | . 2 3 . . . Traps | -11 -10 -10 -9 -9 -6 ------- Run | Yrd Mat Sub Rec Scr Fac Traps Triggered 4 | . 2 2 . . . Indirectly 1 | . 1 . . . . Trap Hack Attempts . | . . . . . . Triggered . | . . . . . . Disarmed . | . . . . . . Reprogrammed . | . . . . . . Reused . | . . . . . . Traps Extracted . | . . . . . . Installed . | . . . . . . Triggered . | . . . . . . Machines | -11 -10 -10 -9 -9 -6 ---------- Run | Yrd Mat Sub Rec Scr Fac Machines Disabled 18 | . 6 3 7 . 2 Max in Single Turn 2 | . 2 2 2 . 1 Machines Repaired . | . . . . . . Machines Dismantled . | . . . . . . Machines Sabotaged . | . . . . . . Overloaded Fab Kills . | . . . . . . Hacking | -11 -10 -10 -9 -9 -6 --------- Run | Yrd Mat Sub Rec Scr Fac Machines Accessed 12 | . . 1 6 5 . Terminals 5 | . . . 5 . . Fabricators . | . . . . . . Repair Stations . | . . . . . . Recycling Units 1 | . . . 1 . . Scanalyzers . | . . . . . . Garrison Access . | . . . . . . Total Hacks 31 | . . 4 12 15 . Successful 27 | . . 4 8 15 . Failed 4 | . . . 4 . . Catastrophic . | . . . . . . Database Lockouts . | . . . . . . Manual 1 | . . . 1 . . Terminals 10 | . . . 10 . . Fabricators . | . . . . . . Repair Stations . | . . . . . . Recycling Units 2 | . . . 2 . . Scanalyzers . | . . . . . . Garrison Access . | . . . . . . Terminal Hacks 24 | . . 4 5 15 . Record 12 | . . 4 . 8 . Robot Analysis 6 | . . . . 6 . Alert Level 1 | . . . 1 . . Maintenance Status 2 | . . . 2 . . Zone Layout 2 | . . . 2 . . Proto ID Catalog 1 | . . . . 1 . Fabricator Hacks . | . . . . . . Repair Station Hacks . | . . . . . . Recycling Unit Hacks 2 | . . . 2 . . Retrieve Components 2 | . . . 2 . . Scanalyzer . | . . . . . . Garrison Access Hacks . | . . . . . . Unauthorized Hacks 1 | . . . 1 . . Terminals 1 | . . . 1 . . Botnet 1 | . . . 1 . . Fabricators . | . . . . . . Repair Stations . | . . . . . . Recycling Units . | . . . . . . Scanalyzers . | . . . . . . Garrison Access . | . . . . . . Data Cores Recovered . | . . . . . . Used . | . . . . . . Hacking Detections 3 | . . . 3 . . Full Trace Events . | . . . . . . Feedback Events . | . . . . . . Feedback Blocked . | . . . . . . Robot Schematics Acquired . | . . . . . . Robots Built . | . . . . . . Authchips . | . . . . . . Time . | . . . . . . Total Robot Build Rating . | . . . . . . Part Schematics Acquired . | . . . . . . Parts Built . | . . . . . . Authchips . | . . . . . . Time . | . . . . . . Total Part Build Rating . | . . . . . . Parts Repaired . | . . . . . . Time . | . . . . . . Parts Recycled . | . . . . . . Recycled Matter . | . . . . . . Retrieved Matter . | . . . . . . Retrieved Components . | . . . . . . Parts Scanalyzed . | . . . . . . Part Schematics Acquired . | . . . . . . Parts Damaged . | . . . . . . Bothacking | -11 -10 -10 -9 -9 -6 ------------ Run | Yrd Mat Sub Rec Scr Fac Used RIF Installer . | . . . . . . Robots Hacked . | . . . . . . Non-combat . | . . . . . . Combat . | . . . . . . Robot Hacks Applied . | . . . . . . Relay Couplers Released . | . . . . . . Fabnet Peak Effective % . | . . . . . . Robots Rewired . | . . . . . . Allies Hacked . | . . . . . . Hacks Repelled . | . . . . . . Allies | -11 -10 -10 -9 -9 -6 -------- Run | Yrd Mat Sub Rec Scr Fac Total Allies . | . . . . . . Largest Group . | . . . . . . Highest-Rated Group . | . . . . . . Highest-Rated Ally . | . . . . . . Total Orders . | . . . . . . Ally Attacks . | . . . . . . Total Damage . | . . . . . . Kills . | . . . . . . Allies Corrupted . | . . . . . . Allies Melted . | . . . . . . Intel | -11 -10 -10 -9 -9 -6 ------- Run | Yrd Mat Sub Rec Scr Fac Active Infowar (turns) 1153 | . . . . 664 489 Sensors 1153 | . . . . 664 489 Jamming 403 | . . . . . 403 Robot Analysis Total 6 | . . . . 6 . Derelict Logs Recovered 3 | . . 1 . 2 . Drone Launches . | . . . . . . Drone Recoveries . | . . . . . . Exploration | -11 -10 -10 -9 -9 -6 ------------- Run | Yrd Mat Sub Rec Scr Fac Turns Passed 6847 | 28 813 1863 1286 2368 489 Spaces Moved 3987 | 16 379 1089 737 1507 259 Core . | . . . . . . Treads 3984 | 13 379 1089 737 1507 259 Legs 3 | 3 . . . . . Wheels . | . . . . . . Hover . | . . . . . . Flight . | . . . . . . Fastest Speed 120 | 120 160 160 160 155 155 Average Speed 158 | 152 160 160 160 156 155 Slowest Speed 160 | 160 160 160 160 160 155 Overloaded Moves . | . . . . . . Propulsion Burnouts . | . . . . . . Robots Hopped . | . . . . . . Potential Cave-ins . | . . . . . . Cave-ins Triggered . | . . . . . . Exploration Rate (%) 55 | 2 62 71 99 91 5 Regions Visited 5 Branch Regions 3 Pre-discovered Areas 1 | . . 1 . . . Known Exits Taken 1 | . . 1 . . . Unknown Exits Taken 4 | 1 1 . 1 1 . Scrap Searched 3 | . . . . 3 . Spaces Dug 35 | . . 12 23 . . Terrain Destroyed 127 | . 28 71 27 . 1 Melee . | . . . . . . Projectile 6 | . . 1 4 . 1 AOE 121 | . 28 70 23 . . Terrain Rammed . | . . . . . . Walls Destroyed . | . . . . . . Machines Disabled . | . . . . . . Actions | -11 -10 -10 -9 -9 -6 --------- Run | Yrd Mat Sub Rec Scr Fac Total 4310 | 19 485 1164 789 1525 328 Wait 109 | . 32 17 12 . 48 Move 3982 | 15 378 1088 736 1506 259 Hop . | . . . . . . Pick Up 14 | . 6 3 1 4 . Fast Attach 19 | 3 6 3 1 3 3 Attach 3 | . 1 . . 1 1 Detach . | . . . . . . Swap 19 | . 1 13 4 1 . Drop 25 | 1 7 5 . 10 2 Fire 127 | . 54 31 31 . 11 Melee . | . . . . . . Ram . | . . . . . . Kick . | . . . . . . Crush 4 | . . . . . 4 Escape Stasis . | . . . . . . Rewire 1 | . . . 1 . . Trap . | . . . . . . Miscellaneous 7 | . . 4 3 . . Route ------- -11/Scrapyard -10/Materials (discovered 4 exits: [*Mat] / [*Min x2] / *Sub) -10/Subcaves (discovered 3 exits: [*Mat x2] / *Rec) -9/Recycling (discovered 2 exits: [*Fac] / *Scr) -9/Scraptown (discovered 2 exits: [*Fac x2]) -6/Factory History --------- Turn | Location | Event 1 | -11/Scrapyard | Upgraded with Propulsion slot (x1) 1 | -11/Scrapyard | Discovered new exit (range 1) 21 | -11/Scrapyard | Upgraded with Weapon slot (x1) 29 | -11/Scrapyard | Entered Materials 132 | -10/Materials | Discovered new exit (range 15) 311 | -10/Materials | Build established: Mutant 376 | -10/Materials | Discovered new exit (range 14) 616 | -10/Materials | Upgraded with Propulsion slot (x1) 709 | -10/Materials | Discovered new exit (range 10) 833 | -10/Materials | Discovered new exit (range 8) 842 | -10/Materials | Entered Subcaves 843 | -10/Subcaves | Approached by a straggling Scientist 844 | -10/Subcaves | Reached level 2 976 | -10/Subcaves | Core integrity fell below 50% 1027 | -10/Subcaves | A swath of the cavern ceiling suddenly collapsed 1443 | -10/Subcaves | Discovered new exit (range 8) 1538 | -10/Subcaves | Shifting Twisted Machinery released Flamer 1540 | -10/Subcaves | Shifting Twisted Machinery released Sub. Power Source 1548 | -10/Subcaves | Upgraded with Power slot (x1) 1664 | -10/Subcaves | Learned location of Zion (-7) 1664 | -10/Subcaves | Met a Zionite searching for "candidates" 2208 | -10/Subcaves | Visited Clippyterm 2213 | -10/Subcaves | Learned Factory trap positions 2213 | -10/Subcaves | Learned Research security intel 2243 | -10/Subcaves | Identified exit to Recycling 2378 | -10/Subcaves | Discovered new exit (range 14) 2588 | -10/Subcaves | Reached level 3 2705 | -10/Subcaves | Entered Recycling 2707 | -9/Recycling | Reached level 4 2710 | -9/Recycling | Upgraded with Utility slot (x1) 3083 | -9/Recycling | Core integrity fell below 20% 3271 | -9/Recycling | Discovered new exit (range 16) 3954 | -9/Recycling | Scanned before Scraplab entrance 3976 | -9/Recycling | Entered Scraplab 3989 | -9/Recycling | Discovered new exit (range 2) 3991 | -9/Recycling | Entered Scraptown 4367 | -9/Scraptown | Scanned Subdweller tech in exchange for log data 4371 | -9/Scraptown | Learned Research interactive machine intel 4372 | -9/Scraptown | Learned Factory trap positions 4399 | -9/Scraptown | Discovered new exit (range 3) 4945 | -9/Scraptown | Visited SPCMW 4972 | -9/Scraptown | Visited CR-KLE's Repair Center 4983 | -9/Scraptown | CR-KLE repaired 7 parts 5012 | -9/Scraptown | Visited Cyclists 5048 | -9/Scraptown | Visited Junk Repository 5096 | -9/Scraptown | Visited TADAMA 5124 | -9/Scraptown | Visited UFD Registry 5127 | -9/Scraptown | Registered with UFD as "Wrenchcase" 5139 | -9/Scraptown | Visited Artisan Demo Area 5198 | -9/Scraptown | Visited Comm Corps 5355 | -9/Scraptown | Entered Cyclist Reading Room 5551 | -9/Scraptown | Upgraded with Utility slot (x1) 5651 | -9/Scraptown | Visited Infowarlord's Domain 5657 | -9/Scraptown | Found Exp. Sensor Array 5683 | -9/Scraptown | Visited Scrapoid Pod Storage 5699 | -9/Scraptown | Found Scrapoid Pod 5912 | -9/Scraptown | Visited Research Penetration Think Tank 5957 | -9/Scraptown | Visited Junk Repository 6017 | -9/Scraptown | Visited Analyses Database 6051 | -9/Scraptown | Visited Chapter 10 6076 | -9/Scraptown | Visited Science Guys 6130 | -9/Scraptown | Visited Scrap Suit Storage 6263 | -9/Scraptown | Met Optimus 6263 | -9/Scraptown | Reached level 5 6263 | -9/Scraptown | Accepted into 0bPrime 6353 | -9/Scraptown | Discovered new exit (range 3) 6359 | -9/Scraptown | Entered Factory 6360 | -6/Factory | Loaded intel: 80 trap records 6360 | -6/Factory | Core integrity fell below 50% 6361 | -6/Factory | Reached level 6 6370 | -6/Factory | Upgraded with Utility slot (x1) 6822 | -6/Factory | Core integrity fell below 20% 6848 | -6/Factory | Destroyed by P-60 Hacker with Shock Rifle Last Messages --------------- 06694_ Acquired 13 matter. 06696_ Acquired 17 matter. 06697_ Acquired 5 matter. 06715_ Acquired 50 matter. 06727_ U-05 Engineer builds a Wall. 06734_ U-05 Engineer destroyed. 06737_ Acquired 5 matter. 06740_ Acquired 3 matter. 06763_ O-16 Technician: "IFF HANDSHAKE FAILED. SECURING TERMINAL." 06770_ ALERT: Hostiles spotted, dispatching reinforcements to Terminal F005. 06770_ ALERT: All DSF locations entering lockdown mode. 06838_ Slammed into P-60 Hacker. 06841_ P-60 Hacker knocked back. 06846_ Slammed into G-50 Soldier. 06847_ Acquired 4 matter. 06847_ Slammed into G-50 Soldier. 06847_ Critical hit (Burn: +37). Map ----- +----------------------------------------------------+ | ?????????????# #?????????????? | | ?????????????#+####################?????? | | ?????????????# ########## #?????? | | ?????????????# # # #?????? | | ?????????????# # """ # ! =! #?????? | | ?????????????# # "R" # #?????? | | ?????????????# # " " ##+########?????? | | ??????????#### # # #???????????? | | ??????????# + # #???????????? | | ??????????# # + #???????????? | | ??????????# #! # #???????????? | | ????????? ########## ##??????????? | | ???????# ^ #??????????? | | ?????? ^ #??????????? | | ???? ^ #??????????? | | ???""" """" ^^ #??????????? | | ????Y """" ^ #??????????? | | ????"" """" ##########+##+######?????? | | ????? ??? ?????????# #?????? | | ???????? ########## = #?????? | | ???????? # = #?????? | | ???????? # #?????? | | ??????? # #?????? | | ??????? ? # #?????? | | ?????? #gp #?????? | | ?????? #@ #?????? | | ?????? ##g##+#####?????? | | ?????? ? ## #?????????? | | ?????? ## #?????????? | | ??????? ## #?????????? | | ??????? ## #?????????? | | ???????? " " " " " " " ## #?????????? | | ?????????? " " " " " " ## #?????????? | | ?????????? " " " " " " ## #?????????? | | ?????????" " " " " " " ## #?????????? | | ?????????" " " " " " " ## #?????????? | | ???????? " " " " " " " ## #?????????? | | ???????" " " " " " " " ## #######???? | | ?????? " " " " " " " " ## #???? | | ?? " " " " " " " " " " ######## #???? | | ? #??????# #???? | | ? #??????# #???? | | ? ### #??????# #???? | | ? ??????# ######## #???? | | ?? ??????????# #???? | | ??????????????###+##+################???? | | ??????????????# ! #????????????? | | ??????????????# """" ! #????????????? | | ??????????????# """"[ #????????????? | | ??????????????# """" #????????????? | +----------------------------------------------------+ Best States ------------- Heat Dissipation 41 Energy Generation 23 Energy Capacity 400 Matter Stores 300 Matter Capacity 300 Sight Range 16 Robot Scan Range 22 Terrain Scan Density 10 Jamming Range 12 Power Amplification 20 Armor Coverage 600 Resistance: KI 10 Resistance: TH 10 Evasion (%) 40 Targeting Accuracy 8 Recoil Reduction 3 Offensive Hacking 10 Item Schematics ----------------- None Robot Schematics ------------------ None Fabricated ------------ Nothing Repaired ---------- Nothing Alien Tech Used ----------------- None Achievements -------------- None Challenges ------------ None RPGLIKE | -11 -10 -10 -9 -9 -6 --------- Run | Yrd Mat Sub Rec Scr Fac Levels Raised 5 | . . 2 1 1 1 XP Earned 11025 | 3000 1450 2050 1825 900 1800 XP Spent 8395 | 1000 1750 2100 1500 895 1150 Upgrades 19 | 2 5 5 2 3 2 Power Slot 1 | . . 1 . . . Propulsion Slot 2 | 1 1 . . . . Utility Slot 3 | . . . 1 1 1 Weapon Slot 1 | 1 . . . . . Core Integrity 1 | . . . . 1 . Heat Dissipation 2 | . 1 . . 1 . Inventory Capacity 4 | . 2 1 1 . . Sensor Range 1 | . . . . . 1 KI Resistance % 2 | . . 2 . . . TH Resistance % 2 | . 1 1 . . . Protomatter Created 203 | . 62 118 23 . . Integrity Restored 150 | . . 81 69 . . Core 150 | . . 81 69 . . Protomatter Decayed 217 | . 62 155 . . . Game ------ Seed StrikeTachyonDevice Manual? 0 Play Time 00:45:40 Cumulative 435.9 hours Start 2025.08.10 @ 23:38:44 End 2025.08.11 @ 00:25:57 Sessions 1 Manual Loads 0 Difficulty Rogue Special Mode Winter2019/RPGLIKE Game No. 251 Rogue 251 Adventurer 0 Explorer 0 Win Type - Total 11 Types 10/0/1/0/0/0/0/0/0/0 Lore% 72 Gallery% 67 Achievement% 53 Wizard Run 0 Options --------- Layout 1 ASCII 0 Keyboard 0 Movement Numpad Keybinds 0 Fullscreen 1 Font 24/Smallcaps Map View 50x35 Zoom Use 0% Tactical HUD 1 Map Filters NONE Filters NONE Steam 1 RUN: 6dada8e1-b0e2-437f-be2c-0037bc265d4a